 Dungeon Crawl Stone Soup version 0.24-a0-269-g32ec7ca (webtiles) character file.

Game seed: 12292606095781878651

68 HallandMoats the Skirmisher (level 4, 0/55 HPs)
             Began as a Demonspawn Monk on Apr 22, 2019.
             Succumbed to a worker ant's poison
             ... on level 3 of the Dungeon.
             The game lasted 00:03:08 (2426 turns).

HallandMoats the Skirmisher (Demonspawn Monk)       Turns: 2426, Time: 00:03:09

Health: 0/55       AC: 22    Str: 13    XL:     4   Next: 1%
Magic:  4/4        EV:  2    Int:  9    God:
Gold:   72         SH:  0    Dex: 15    Spells: 3/3 levels left

rFire    . . .     SeeInvis .   b - +1 mace (pain)
rCold    . . .     Gourm    .   (no shield)
rNeg     + + +     Faith    .   (armour currently unavailable)
rPois    +         Spirit   .   (helmet currently unavailable)
rElec    .         Reflect  .   (cloak currently unavailable)
rCorr    .         Harm     .   (gloves currently unavailable)
MR       .....     NoTele   +   (boots currently unavailable)
Stlth    +++.......             (no amulet)
HPRegen  0.18/turn              (no ring)
MPRegen  0.09/turn              (no ring)

@: lethally poisoned (0 -> -6), tree-form
A: dopey 1, nightstalker 1
a: no special abilities


You were on level 3 of the Dungeon.
You were not hungry.
You were a tree.
You visited 1 branch of the dungeon, and saw 3 of its levels.

You collected 72 gold pieces.

Inventory:

Hand Weapons
 a - a +0 hand axe
 b - a +1 mace of pain (weapon)
Armour
 f - a +0 leather armour (melded)
Wands
 o - a wand of acid (12)
Scrolls
 h - a scroll of magic mapping {unknown}
 i - a scroll of blinking {unknown}
 k - 4 scrolls of remove curse {unknown}
 l - 2 scrolls of teleportation {unknown}
 m - 3 scrolls of identify {unknown}
 n - a scroll of enchant armour {unknown}
Potions
 g - a potion of mutation
Comestibles
 c - 6 rations
 d - 3 chunks of flesh


   Skills:
 * Level 3.8 Fighting
 + Level 3.1 Axes
 + Level 1.2 Armour
 + Level 3.1 Dodging
 - Level 1.7 Stealth


You had 3 spell levels left.
You didn't know any spells.
Your spell library was empty.

Dungeon Overview and Level Annotations

Branches:
Dungeon (3/15)

Altars:
Dithmenos
Xom
Yredelemnul


Innate Abilities, Weirdness & Mutations

((Your flesh is cold resistant. (rC+)))
You are slightly more attuned to the shadows.
((You can translocate small distances at will.))
You are dopey. (Int -2)


Message History

You feel sick.
It was a potion of mutation.
You feel extremely strange.
You feel stupid.
You feel jittery.
* * * LOW HITPOINT WARNING * * *
You feel sick. The worker ant closely misses you. The worker ant misses you.
It was a potion of agility.
You feel agile all of a sudden.
* * * LOW HITPOINT WARNING * * *
You feel sick.
The worker ant bites you but does no damage.
It was a potion of cancellation.
Your magical effects are unravelling.
You feel magically purged.
You feel a little less agile now.
* * * LOW HITPOINT WARNING * * *
You feel sick. The worker ant closely misses you.
It was a potion of lignification.
You turn into a tree.
Your +0 leather armour melds into your body.
Your roots penetrate the ground.
You die...

########### #.
#######.......... ...
......♣......(.. #.#
#######a.....%# # #.#######
#......##.##
#.#.#.....#######.........
#.#.#.###.#.........#####
#>....................#
###.#.##........#####.....#
#####.#.##.÷......# .#...#
w.....#.##).......# .. #.#


You could see a worker ant.

Vanquished Creatures
  An adder (D:3)
  An ooze (D:1)
  A worm (D:2)
  4 leopard geckos
  4 giant cockroaches
  10 hobgoblins
  3 kobolds
  3 bats
  7 frilled lizards
  6 goblins
  5 rats
  2 bushes (D:1)
  2 plants (D:1)
49 creatures vanquished.

Notes
Turn   | Place    | Note
-------+----------+-------------------------------------------
     0 | D:1      | HallandMoats the Demonspawn Monk began the quest for the
                  | Orb.
     0 | D:1      | Reached XP level 1. HP: 18/18 MP: 1/1
   385 | D:1      | Gained mutation: You are slightly more attuned to the
                  | shadows. [demonic ancestry]
   385 | D:1      | Reached XP level 2. HP: 24/24 MP: 2/2
   834 | D:1      | Reached XP level 3. HP: 29/29 MP: 3/3
  1825 | D:2      | Reached skill level 1 in Armour
  2186 | D:2      | Found a shadowy altar of Dithmenos.
  2187 | D:2      | You fall through a shaft!
  2374 | D:3      | Found a shimmering altar of Xom.
  2375 | D:3      | Found a basalt altar of Yredelemnul.
  2385 | D:3      | Gained mutation: Your flesh is cold resistant. (rC+)
                  | [demonic ancestry]
  2385 | D:3      | Reached XP level 4. HP: 24/37 MP: 4/4
  2423 | D:3      | Gained mutation: You are dopey. (Int -2) [potion of
                  | mutation]
  2423 | D:3      | Gained mutation: You can translocate small distances at
                  | will. [potion of mutation]
  2425 | D:3      | HP: 1/37 [poisoned by a worker ant]
  2426 | D:3      | Succumbed to a worker ant's poison

Levels and vault maps discovered:
D:1:      lemuel_arrival_funnel, layout_basic, serial_forest,
          infiniplex_forest_zigzag_1, infiniplex_forest_lined_2,
          infiniplex_forest_clump_tiny, infiniplex_forest_clump_double,
          infiniplex_forest_zigzag_1, infiniplex_forest_end_2,
          infiniplex_forest_straight_4, infiniplex_forest_clump_small,
          infiniplex_forest_end_3, infiniplex_forest_diagonal, st_stairs_12,
          minmay_pentomino_t4
D:2:      layout_basic, grunt_dithmenos_smoke, uniq_natasha
D:3:      layout_basic, nicolae_ru_awakened_eye,
          chequers_temple_overflow_statue_of_worship, first_ration

Skill      XL: |  1  2  3 |
---------------+----------+-----
Dodging        | 3 |  3.1
Axes           | 3 |  3.1
Armour         | 1 |  1.2
Fighting       | |  3.8
Stealth        | |  1.7

Action                   |  1- 3 |  4- 6 || total
-------------------------+-------+-------++-------
Melee: Hand axe          |   176 |       ||   176
       Mace              |   379 |       ||   379
  Use: Potion            |       |     4 ||     4
 Stab: Sleeping          |    13 |       ||    13
  Eat: Chunk             |     3 |       ||     3
       Ration            |     1 |       ||     1
Armor: Robe              |     5 |       ||     5
       Leather armour    |    17 |     4 ||    21
Dodge: Dodged            |    99 |    10 ||   109

Table legend:
 A = Non-vault XP
 B = Vault XP
 C = Vault XP percentage of total XP
 D = Non-vault monster count
 E = Vault monster count
 F = Vault count percentage of total count
                 A         B        C        D         E       F
            +---------+---------+-------+---------+---------+-------
      Total |      87 |      11 |  11.2 |      41 |       4 |   8.9
            +---------+---------+-------+---------+---------+-------
        D:1 |      41 |      11 |  21.2 |      23 |       4 |  14.8
        D:2 |      22 |       0 |   0.0 |      11 |       0 |   0.0
        D:3 |      24 |       0 |   0.0 |       7 |       0 |   0.0
            +---------+---------+-------+---------+---------+-------
